 Dungeon Crawl Stone Soup version 0.29.1-2-gbd0b4ee654 (webtiles) character file.

Game seed: 12257623068263017246

1110 GorkyZ the Shield-Bearer (level 8, -7/49 HPs)
             Began as a Gargoyle Fighter on Nov 23, 2022.
             Was an Initiate of Gozag.
             Killed from afar by Maggie (26 damage)
             ... with a bolt of fire
             ... on level 6 of the Dungeon.
             The game lasted 00:14:21 (4997 turns).

GorkyZ the Shield-Bearer (Gargoyle Fighter)         Turns: 4997, Time: 00:14:51

Health: -7/49      AC: 19    Str: 22    XL:     8   Next: 33%
Magic:  8/8        EV:  7    Int:  9    God:    Gozag
Gold:   350        SH:  5    Dex:  9    Spells: 7/7 levels left

rFire   . . .      SeeInvis +   a - +1 war axe
rCold   . . .      Faith    .   c - +0 buckler
rNeg    + . .      Spirit   .   s - +0 chain mail
rPois   ∞          Reflect  .   i - +0 helmet
rElec   +          Harm     .   e - +1 cloak
rCorr   .          Rampage  .   (no gloves)
Will    .....                   (no boots)
Stlth   ..........              (no amulet)
HPRegen 0.16/turn               m - ring of see invisible
MPRegen 0.11/turn               (no ring)

@: no status effects
A: sickness immunity, AC +5, negative energy resistance 1, electricity
resistance, torment resistance 1, petrification resistance, wild magic 1
a: Renounce Religion, Potion Petition, Call Merchant, Bribe Branch


You were on level 6 of the Dungeon.
You worshipped Gozag.
Gozag was aware of your devotion.
You visited 1 branch of the dungeon, and saw 6 of its levels.

You collected 447 gold pieces.
You spent 16 gold pieces at shops.
You paid 81 gold pieces to Gozag.

Inventory:

Hand Weapons
 a - a +1 war axe (weapon)
Missiles
 p - 4 poisoned darts (quivered)
 q - 6 curare-tipped darts
Armour
 b - a +0 scale mail
 c - a +0 buckler (worn)
 e - a +1 cloak (worn)
 i - a +0 helmet (worn)
 s - a +0 chain mail (worn)
Jewellery
 m - a ring of see invisible (left hand)
Scrolls
 o - a scroll of magic mapping
 u - a scroll of immolation
 y - a scroll of blinking
Potions
 d - a potion of might
 f - 2 potions of cancellation
 g - 3 potions of heal wounds
 h - 2 potions of curing {unknown}
 j - 2 potions of berserk rage {unknown}
 l - a potion of invisibility {unknown}
 n - 2 potions of attraction {unknown}
 r - 2 potions of degeneration {unknown}
 t - a potion of brilliance {unknown}


   Skills:
 + Level 5.3 Fighting
 + Level 3.9 Axes
 + Level 3.3 Throwing
 + Level 5.3 Armour
 + Level 5.4 Shields
 + Level 3.2 Evocations


You had 7 spell levels left.
You didn't know any spells.
Your spell library contained the following spells:

 Spells                   Type           Power      Damage    Failure   Level
 Wereblood                Tmut           0%         N/A       100%        2
 Gell's Gravitas          Tloc           0%         N/A       100%        3
 Lesser Beckoning         Tloc           0%         N/A       100%        3
 Portal Projectile        Hex/Tloc       0%         N/A       100%        3
 Teleport Other           Tloc           0%         N/A       100%        3
 Tukima's Dance           Hex            0%         N/A       100%        3
 Blade Hands              Tmut           0%         N/A       100%        5
 Summon Hydra             Summ           0%         N/A       100%        7
 Sublimation of Blood     Necr           Unusable   N/A       N/A         2

Dungeon Overview and Level Annotations

Branches:
Dungeon (6/15)
 Temple: D:4-7

Altars:
Elyvilon
Gozag
Kikubaaqudgha
Qazlal
Uskayaw

Shops:
D:3 *

Annotations:
D:6 Maggie


Innate Abilities, Weirdness & Mutations

You are immune to sickness and miasma.
Your stone body is resilient. (AC +5)
You are immune to poison.
You resist negative energy. (rN+)
You are resistant to electric shocks. (rElec)
You are resistant to unholy torment.
You are immune to petrification.
Your spells are a little harder to cast, but a little more powerful.


Message History

Maggie is distracted by your dazzling golden aura.
You catch the helpless Maggie completely off-guard!
You slash Maggie!
Maggie is no longer distracted by gold.
Maggie is moderately wounded.
Maggie barely misses you.
You hit Maggie.
Maggie is moderately wounded.
You block Maggie's attack.
You slash Maggie!
Maggie is severely wounded.
Maggie drinks a potion.
Maggie is healed!
Maggie points at you and mumbles some strange words.
The bolt of fire hits you!
* * * LOW HITPOINT WARNING * * *
You feel much better.
Maggie hits you with a +2 morningstar of draining!
You barely miss Maggie.
Maggie is lightly wounded.
Maggie says, "Leave now, and tell all of Margery's mercy!"
Maggie hits you but does no damage.
You slash Maggie!
Maggie is moderately wounded.
Maggie gestures wildly while chanting.
Maggie attempts to bespell you! You resist with some effort.
You closely miss Maggie.
Maggie is moderately wounded.
Maggie hits you but does no damage.
You barely miss Maggie.
Maggie is moderately wounded.
Maggie hits you but does no damage. Maggie barely misses you.
You hit Maggie but do no damage.
Maggie is moderately wounded.
Maggie barely misses you.
You barely miss Maggie.
Maggie is moderately wounded.
Maggie gestures at you while chanting. The bolt of fire hits you!!
Ouch! That really hurt!
You die...
Your body crumbles into a pile of gold.

).......####.#.#####
#..................#
#.....#.###.##.###.#
....# #.##.# #.# ...
.....###.### #.#
............ #.#
.###.##.### #.# #.
#.#..... #.######@##
# #...####
.......$@.#
#.####..#
#.######.[#
#.......# #..#
####.#### #..#
###..# #..####....#
#.......###.#
#$..##..# .#
#?..###.# .+


You could see Maggie.

Vanquished Creatures
  Grinder (D:5)
  Menkaure (D:5)
  An ice beast (D:3)
  A phantom (D:5)
  A necrophage (D:5)
  2 scorpions (D:5)
  A hound (D:3)
  2 jellies
  An orc priest (D:5)
  Natasha (thrice) (D:3)
  An orc wizard (D:6)
  12 adders
  A worm (D:2)
  6 dart slugs
  5 orcs
  7 endoplasms
  5 giant cockroaches
  6 goblins
  7 hobgoblins
  5 jackals
  4 quokkas
  11 ball pythons
  3 bats (D:1)
  2 frilled lizards
  7 kobolds
  3 rats
99 creatures vanquished.

Vanquished Creatures (others)
  2 orc wizards (D:6)
2 creatures vanquished.

Grand Total: 101 creatures vanquished

Notes
Turn   | Place    | Note
-------+----------+-------------------------------------------
     0 | D:1      | GorkyZ the Gargoyle Fighter began the quest for the Orb.
     0 | D:1      | Reached XP level 1. HP: 14/14 MP: 1/1
   223 | D:1      | Reached XP level 2. HP: 19/19 MP: 2/2
   506 | D:1      | Reached XP level 3. HP: 23/23 MP: 3/3
  1268 | D:2      | Reached skill level 1 in Throwing
  1345 | D:2      | Reached XP level 4. HP: 29/29 MP: 4/4
  1625 | D:3      | Reached skill level 1 in Evocations
  1837 | D:3      | Found a white marble altar of Elyvilon.
  1920 | D:3      | Noticed an ice beast
  1995 | D:3      | Found a hide-covered altar of Uskayaw.
  2193 | D:3      | Noticed Natasha
  2208 | D:3      | Killed Natasha
  2211 | D:3      | Reached XP level 5. HP: 25/33 MP: 5/5
  2377 | D:3      | Noticed Natasha
  2391 | D:3      | Killed Natasha
  2588 | D:3      | Killed an ice beast
  2589 | D:3      | Reached XP level 6. HP: 38/38 MP: 6/6
  2621 | D:3      | Found Usyrchep's General Store.
  2638 | D:3      | Bought 4 poisoned darts for 16 gold pieces
  2950 | D:3      | Noticed Natasha
  2956 | D:3      | Killed Natasha
  3279 | D:4      | Found an ancient bone altar of Kikubaaqudgha.
  3308 | D:4      | Found a stormy altar of Qazlal.
  3308 | D:4      | Found an opulent altar of Gozag.
  3317 | D:4      | Became a worshipper of Gozag Ym Sagoz the Greedy
  3841 | D:5      | Entered Level 5 of the Dungeon
  3871 | D:5      | Gained mutation: You sometimes lose your temper in combat.
                  | [potion of mutation]
  3871 | D:5      | Gained mutation: You are partially covered in iridescent
                  | scales. (AC +2) [potion of mutation]
  3871 | D:5      | Lost mutation: You are partially covered in iridescent
                  | scales. (AC +2) [potion of mutation]
  3871 | D:5      | Gained mutation: Your spells are a little harder to cast,
                  | but a little more powerful. [potion of mutation]
  3875 | D:5      | Lost mutation: Your spells are a little harder to cast, but
                  | a little more powerful. [potion of mutation]
  3875 | D:5      | Lost mutation: You sometimes lose your temper in combat.
                  | [potion of mutation]
  3875 | D:5      | Gained mutation: Your spells are a little harder to cast,
                  | but a little more powerful. [potion of mutation]
  3988 | D:5      | Reached XP level 7. HP: 44/44 MP: 7/7
  4000 | D:5      | Noticed Menkaure
  4008 | D:5      | Killed Menkaure
  4268 | D:5      | Reached skill level 5 in Shields
  4312 | D:5      | Reached skill level 5 in Fighting
  4405 | D:5      | Reached skill level 5 in Armour
  4405 | D:5      | Reached XP level 8. HP: 36/49 MP: 8/8
  4515 | D:5      | Noticed Grinder
  4524 | D:5      | Paralysed by Grinder for 2 turns
  4533 | D:5      | Paralysed by Grinder for 3 turns
  4779 | D:5      | Paralysed by Grinder for 4 turns
  4800 | D:5      | Paralysed by Grinder for 5 turns
  4805 | D:5      | Killed Grinder
  4957 | D:6      | Noticed Maggie
  4997 | D:6      | Killed from afar by Maggie

Illustrated notes

Levels and vault maps discovered:
D:1:      wander_arrival_desolate, layout_basic, minmay_pentomino_x2
D:2:      layout_loops_cross
D:3:      minmay_door_path, layout_loops_corners, mainiacjoe_overflow_catwalk,
          old_standard_altar, serial_shops, nicolae_shop_advertising_works
          [nicolae_subvault_shop_adworks], uniq_natasha
D:4:      layout_basic, grunt_temple_overflow_open
D:5:      layout_basic, minmay_holes, uniq_menkaure, uniq_grinder
D:6:      layout_loops_ring, evilmike_ruin_ashenzari, dk_vineyard_2,
          roderic_lattice_a, uniq_maggie

Skill      XL: |  1  2  3  4  5  6  7  8 |
---------------+-------------------------+-----
Axes           | 2 3 |  3.9
Throwing       | 1 2 3 |  3.3
Evocations     | 1 2 3 |  3.2
Armour         | 4 5 |  5.3
Shields        | 4 5 |  5.4
Fighting       | 4 5 |  5.3

Action                   |  1- 3 |  4- 6 |  7- 9 || total
-------------------------+-------+-------+-------++-------
Melee: War axe           |   103 |   164 |    79 ||   346
       Unarmed           |       |       |     8 ||     8
  Use: Scroll            |       |    10 |     3 ||    13
       Potion            |       |     2 |     1 ||     3
 Stab: Distracted        |       |       |     1 ||     1
Armor: Scale mail        |    59 |    60 |       ||   119
       Chain mail        |       |    32 |    70 ||   102
       Skin              |       |       |     5 ||     5
Dodge: Dodged            |    57 |    75 |    45 ||   177
Block: Buckler           |    20 |    44 |    15 ||    79
